 Dungeon Crawl Stone Soup version 0.27.0-1-g7a089689b8 (webtiles) character file.

Game seed: 18368098128451081389

86 dolemite99 the Poker (level 4, -2/33 HPs)
             Began as a Merfolk Gladiator on Aug 4, 2021.
             Slain by a gnoll (4 damage)
             ... on level 2 of the Dungeon.
             The game lasted 00:01:56 (1770 turns).

dolemite99 the Poker (Merfolk Gladiator)            Turns: 1770, Time: 00:01:56

Health: -2/33      AC:  4    Str: 15    XL:     4   Next: 50%
Magic:  4/4        EV: 13    Int:  7    God:
Gold:   37         SH:  0    Dex: 15    Spells: 3/3 levels left

rFire    . . .     SeeInvis .   a - +0 trident
rCold    . . .     Faith    .   (no shield)
rNeg     . . .     Spirit   .   b - +0 leather armour
rPois    .         Reflect  .   c - +0 helmet
rElec    .         Harm     .   (no cloak)
rCorr    .         Rampage  .   (no gloves)
Will     +....                  (no boots)
Stlth    +.........             (no amulet)
HPRegen  0.11/turn              e - ring of willpower
MPRegen  0.09/turn              (no ring)

@: no status effects
A: (nimble swimmer 2), mertail
a: no special abilities


You were on level 2 of the Dungeon.
You visited 1 branch of the dungeon, and saw 2 of its levels.

You collected 37 gold pieces.

Inventory:

Hand Weapons
 a - a +0 trident (weapon)
Missiles
 d - 3 throwing nets (quivered)
 f - 2 curare-tipped darts
 h - 22 arrows
 k - 23 stones
Armour
 b - a +0 leather armour (worn)
 c - a +0 helmet (worn)
Jewellery
 e - a ring of willpower (left hand)
Wands
 j - a wand of digging (4)
Scrolls
 g - a scroll of enchant armour {unknown}
 i - a scroll of brand weapon {unknown}


   Skills:
 - Level 2.1 Fighting
 + Level 7.5 Polearms
 - Level 2.0 Throwing
 - Level 4.0 Dodging


You had 3 spell levels left.
You didn't know any spells.
Your spell library contained the following spells:

 Spells                   Type           Power      Damage    Failure   Level
 Summon Small Mammal      Summ           0%         N/A       50%         1
 Sublimation of Blood     Necr           0%         N/A       65%         2
 Call Canine Familiar     Summ           0%         N/A       86%         3
 Summon Guardian Golem    Hex/Summ       0%         N/A       86%         3
 Petrify                  Tmut/Erth      0%         N/A       99%         4
 Blade Hands              Tmut           0%         N/A       100%        5
 Irradiate                Conj/Tmut      0%         3d13      100%        5
 Dragon Form              Tmut           0%         N/A       100%        7


Dungeon Overview and Level Annotations

Branches:
Dungeon (2/15)

Altars:


Innate Abilities, Weirdness & Mutations

((You are quick and stealthy near water. (Stealth+, EV+, Speed+++)))
Your lower body shifts to a powerful aquatic tail in water.


Message History

You start waiting.
A gnoll is nearby!
You reach to attack!
You hit the gnoll.
The gnoll is moderately wounded.
You puncture the gnoll!
You kill the gnoll!
The gnoll hits you from afar with a +0 spear.
Things that are here:
a +0 whip; a gnoll corpse You reach to attack!
You barely miss the gnoll.
The gnoll hits you from afar with a +0 spear.
The gnoll barely misses you. The gnoll hits you but does no damage.
The gnoll hits you from afar with a +0 spear.
The gnoll closely misses you.
You hit the gnoll.
The gnoll is moderately wounded.
The gnoll barely misses you. x2
You hit the gnoll but do no damage.
The gnoll is moderately wounded.
The gnoll barely misses you. The gnoll closely misses you.
You hit the gnoll but do no damage.
The gnoll is moderately wounded.
The gnoll misses you. The gnoll closely misses you.
You hit the gnoll.
The gnoll is severely wounded.
The gnoll hits you from afar with a +0 spear!
The gnoll hits you with a +0 spear.
You puncture the gnoll!
You kill the gnoll!
The gnoll hits you but does no damage. The gnoll hits you with a +0 spear!
* * * LOW HITPOINT WARNING * * *
You see here a +0 spear.
You barely miss the gnoll. The gnoll hits you with a +0 spear.
* * * LOW HITPOINT WARNING * * *
You aren't carrying any potions.
You closely miss the gnoll. The gnoll closely misses you.
You hit the gnoll but do no damage. The gnoll hits you with a +0 spear.
You die...

### #.# #.# #.# ### #.#
#####.# #####.####.....#
####...g......###.#
#.##..@..##.#####.#
######.....#..##.......#
#..........#.....#######
###.####.....##.##.#
#.g.# #####....##.#
#.### ######### #)#####
#.#...# #.#.#.# .


You could see a gnoll.

Vanquished Creatures
  2 gnolls (D:2)
  An adder (D:2)
  2 worms (D:2)
  2 dart slugs (D:1)
  4 endoplasms
  2 giant cockroaches (D:2)
  3 goblins (D:2)
  A hobgoblin (D:2)
  2 jackals (D:1)
  4 kobolds
  4 quokkas
  3 ball pythons
  9 bats
  5 frilled lizards
  3 rats
47 creatures vanquished.

Notes
Turn   | Place    | Note
-------+----------+-------------------------------------------
     0 | D:1      | dolemite99 the Merfolk Gladiator began the quest for the
                  | Orb.
     0 | D:1      | Reached XP level 1. HP: 16/16 MP: 1/1
    69 | D:1      | Reached skill level 5 in Polearms
   101 | D:1      | Reached XP level 2. HP: 22/22 MP: 2/2
   571 | D:1      | Found a faded altar of an unknown god.
   578 | D:1      | Reached skill level 6 in Polearms
   578 | D:1      | Reached XP level 3. HP: 27/27 MP: 3/3
  1565 | D:2      | Reached XP level 4. HP: 33/33 MP: 4/4
  1569 | D:2      | Reached skill level 7 in Polearms
  1770 | D:2      | Slain by a gnoll

Illustrated notes

Levels and vault maps discovered:
D:1:      lightli_arrival_statue_moat, layout_basic,
          dreamdust_ecumenical_altar_hidden_monk_grotto,
          hangedman_feature_mirror
D:2:      layout_basic, kennysheep_nub

Skill      XL: |  1  2  3  4 |
---------------+-------------+-----
Polearms       | 5 6 7 |  7.5
Fighting       | |  2.1
Throwing       | |  2.0
Dodging        | |  4.0

Action                   |  1- 3 |  4- 6 || total
-------------------------+-------+-------++-------
Melee: Trident           |   111 |    29 ||   140
 Stab: Sleeping          |     1 |       ||     1
Armor: Leather armour    |    34 |    10 ||    44
Dodge: Dodged            |    86 |    20 ||   106
